BSA
HOUSTON MARSHALS @ VISTA PANTHERS
06/04/2028
 
TOP OF THE 1ST
Houston Marshals batting - Pitching for Vista Panthers : RHP Randy Mailman
Pitching: RHP Randy Mailman
Batting: LHB John Peterson 0-0: Ball
1-0: Ball
2-0: Ball
3-0: Called Strike
3-1: Ground out 1-3 (Groundball, P)
Batting: SHB Ramón Lugo 0-0: Ball
1-0: Ball
2-0: Foul Ball, location: 2F
2-1: Ball
3-1: Foul Ball, location: 2F
3-2: Strikes out swinging
Batting: RHB Chris Parker 0-0: Ball
1-0: Foul Ball, location: 2F
1-1: Foul Ball, location: 2F
1-2: Ball
2-2: Fly out, F6 (Flyball, 6D)
Top of the 1st over - 0 run(s), 0 hit(s), 0 error(s), 0 left on base; Houston 0 - Vista 0
BOTTOM OF THE 1ST
Vista Panthers batting - Pitching for Houston Marshals : RHP Daniel Grant
Pitching: RHP Daniel Grant
Batting: LHB Brent Alonzo 0-0: Called Strike
0-1: Foul Ball, location: 2F
0-2: Ground out 5-3 (Groundball, 56S)
Batting: LHB Dante Owens 0-0: Foul Ball, location: 2F
0-1: Foul Ball, location: 2F
0-2: Foul Ball, location: 2F
0-2: Foul Ball, location: 2F
0-2: Ball
1-2: Ball
2-2: Ball
3-2: Foul Ball, location: 2F
3-2: Ground out 5-3 (Groundball, 56)
Batting: RHB Alfredo Rivera 0-0: Ball
1-0: Swinging Strike
1-1: Foul Ball, location: 2F
1-2: Ball
2-2: Ball
3-2: Base on Balls
Batting: SHB Mark Wells 0-0: Called Strike
0-1: Ball
1-1: Ball
2-1: Foul Ball, location: 2F
2-2: Ball
3-2: Base on Balls
Alfredo Rivera to second
Batting: LHB Juan Cortés 0-0: Foul Ball, location: 2F
0-1: Fielders Choice at 2nd, 6-4 (Groundball, 6)
Bottom of the 1st over - 0 run(s), 0 hit(s), 0 error(s), 1 left on base; Houston 0 - Vista 0
TOP OF THE 2ND
Houston Marshals batting - Pitching for Vista Panthers : RHP Randy Mailman
Batting: LHB José Rodríguez 0-0: Ball
1-0: Called Strike
1-1: Called Strike
1-2: Ball
2-2: Foul Ball, location: 2F
2-2: Foul Ball, location: 2F
2-2: Ball
3-2: Strikes out looking
Batting: SHB Álex Rosado 0-0: Called Strike
0-1: Foul Ball, location: 2F
0-2: Ball
1-2: Ball
2-2: SINGLE (Flyball, 78S)
Batting: SHB Juan Gómez 0-0: Ball
1-0: Ball
2-0: Called Strike
2-1: Grounds into double play, 4-6-3 (Groundball, 4)
Top of the 2nd over - 0 run(s), 1 hit(s), 0 error(s), 0 left on base; Houston 0 - Vista 0
BOTTOM OF THE 2ND
Vista Panthers batting - Pitching for Houston Marshals : RHP Daniel Grant
Batting: LHB Francisco Marino 0-0: Ball
1-0: Foul Ball, location: 2F
1-1: Swinging Strike
1-2: Strikes out swinging
Batting: RHB Cisco Gatán 0-0: Swinging Strike
0-1: Ball
1-1: Ball
2-1: Ball
3-1: Base on Balls
Batting: LHB Ramiro Martínez 0-0: Fly out, F7 (Line Drive, 7S)
Batting: RHB Justin Burgess 0-0: Foul Ball, location: 2F
0-1: Ball
1-1: Ball
2-1: Fly out, F8 (Flyball, 8LD)
Bottom of the 2nd over - 0 run(s), 0 hit(s), 0 error(s), 1 left on base; Houston 0 - Vista 0
TOP OF THE 3RD
Houston Marshals batting - Pitching for Vista Panthers : RHP Randy Mailman
Batting: RHB Sadao Kimura 0-0: Ball
1-0: Called Strike
1-1: Foul Ball, location: 2F
1-2: Strikes out swinging
Batting: RHB Jim Tracy 0-0: Foul Ball, location: 2F
0-1: Called Strike
0-2: Ball
1-2: Foul Ball, location: 2F
1-2: Ground out 5-3 (Groundball, 56)
Batting: RHB Alberto Velásquez 0-0: Called Strike
0-1: Called Strike
0-2: Foul Ball, location: 2F
0-2: Ball
1-2: Foul Ball, location: 2F
1-2: Ball
2-2: Foul Ball, location: 2F
2-2: Ball
3-2: Fly out, F7 (Flyball, 7S)
Top of the 3rd over - 0 run(s), 0 hit(s), 0 error(s), 0 left on base; Houston 0 - Vista 0
BOTTOM OF THE 3RD
Vista Panthers batting - Pitching for Houston Marshals : RHP Daniel Grant
Batting: LHB Brent Alonzo 0-0: Called Strike
0-1: Ball
1-1: Ball
2-1: Called Strike
2-2: Strikes out looking
Batting: LHB Dante Owens 0-0: Ball
1-0: Ball
2-0: Ball
3-0: Base on Balls
Batting: RHB Alfredo Rivera 0-0: Foul Ball, location: 2F
0-1: Ball
1-1: Ball
2-1: Swinging Strike
2-2: Grounds into double play, 5-4-3 (Groundball, 5)
Bottom of the 3rd over - 0 run(s), 0 hit(s), 0 error(s), 0 left on base; Houston 0 - Vista 0
TOP OF THE 4TH
Houston Marshals batting - Pitching for Vista Panthers : RHP Randy Mailman
Batting: LHB John Peterson 0-0: Called Strike
0-1: Swinging Strike
0-2: Ground out 4-3 (Groundball, 4)
Batting: SHB Ramón Lugo 0-0: Ball
1-0: Foul Ball, location: 2F
1-1: Ball
2-1: Ball
3-1: Fly out, F9 (Line Drive, 9LD)
Batting: RHB Chris Parker 0-0: Ball
1-0: Swinging Strike
1-1: Ball
2-1: Foul Ball, location: 2F
2-2: Foul Ball, location: 2F
2-2: Ball
3-2: Foul Ball, location: 2F
3-2: Strikes out swinging
Top of the 4th over - 0 run(s), 0 hit(s), 0 error(s), 0 left on base; Houston 0 - Vista 0
BOTTOM OF THE 4TH
Vista Panthers batting - Pitching for Houston Marshals : RHP Daniel Grant
Batting: SHB Mark Wells 0-0: Ball
1-0: Ball
2-0: Ball
3-0: Called Strike
3-1: Ground out 5-3 (Groundball, 56S)
Batting: LHB Juan Cortés 0-0: Fly out, F8 (Flyball, 8RM)
Batting: LHB Francisco Marino 0-0: Foul Ball, location: 2F
0-1: Ball
1-1: Foul Ball, location: 2F
1-2: Ball
2-2: Ball
3-2: Fly out, F9 (Flyball, 9)
Bottom of the 4th over - 0 run(s), 0 hit(s), 0 error(s), 0 left on base; Houston 0 - Vista 0
TOP OF THE 5TH
Houston Marshals batting - Pitching for Vista Panthers : RHP Randy Mailman
Batting: LHB José Rodríguez 0-0: Called Strike
0-1: Ball
1-1: Foul Ball, location: 2F
1-2: Strikes out looking
Batting: SHB Álex Rosado 0-0: Ball
1-0: Called Strike
1-1: SINGLE (Line Drive, 56D)
Batting: SHB Juan Gómez 0-0: Fly out, F9 (Flyball, 89S)
Batting: RHB Sadao Kimura 0-0: Ball
1-0: Called Strike
1-1: Fielders Choice at 2nd, 6-4 (Groundball, 56)
Top of the 5th over - 0 run(s), 1 hit(s), 0 error(s), 0 left on base; Houston 0 - Vista 0
BOTTOM OF THE 5TH
Vista Panthers batting - Pitching for Houston Marshals : RHP Daniel Grant
Batting: RHB Cisco Gatán 0-0: Ball
1-0: Ball
2-0: Ball
3-0: Called Strike
3-1: Ground out 6-3 (Groundball, 6)
Batting: LHB Ramiro Martínez 0-0: Called Strike
0-1: DOUBLE (Flyball, 7LM)
Batting: RHB Justin Burgess 0-0: Foul Ball, location: 2F
0-1: Fly out, F8 (Line Drive, 8RM)
Batting: LHB Brent Alonzo 0-0: Foul Ball, location: 2F
0-1: Swinging Strike
0-2: Ball
1-2: Ground out 1-3 (Groundball, P)
Bottom of the 5th over - 0 run(s), 1 hit(s), 0 error(s), 1 left on base; Houston 0 - Vista 0
TOP OF THE 6TH
Houston Marshals batting - Pitching for Vista Panthers : RHP Randy Mailman
Batting: RHB Jim Tracy 0-0: Ball
1-0: Swinging Strike
1-1: Ground out 4-3 (Groundball, 4S)
Batting: RHB Alberto Velásquez 0-0: Ball
1-0: Ground out U3 (Groundball, 34S)
Batting: LHB John Peterson 0-0: Called Strike
0-1: Ball
1-1: Ball
2-1: Fly out, F5 (Popup, 5L)
Top of the 6th over - 0 run(s), 0 hit(s), 0 error(s), 0 left on base; Houston 0 - Vista 0
BOTTOM OF THE 6TH
Vista Panthers batting - Pitching for Houston Marshals : RHP Daniel Grant
Batting: LHB Dante Owens 0-0: Ball
1-0: Ball
2-0: Foul Ball, location: 2F
2-1: Called Strike
2-2: SINGLE (Groundball, 4MD)
Batting: RHB Alfredo Rivera 0-0: Called Strike
0-1: Ball
1-1: Foul Ball, location: 2F
1-2: Ball
2-2: Fly out, F8 (Line Drive, 8LD)
Batting: SHB Mark Wells 0-0: Ball
1-0: Called Strike
1-1: Ball
2-1: Called Strike
2-2: Strikes out swinging
Batting: LHB Juan Cortés 0-0: Ball
1-0: Swinging Strike
1-1: Foul Ball, location: 2F
1-2: Strikes out looking
Bottom of the 6th over - 0 run(s), 1 hit(s), 0 error(s), 1 left on base; Houston 0 - Vista 0
TOP OF THE 7TH
Houston Marshals batting - Pitching for Vista Panthers : RHP Randy Mailman
Batting: SHB Ramón Lugo 0-0: Called Strike
0-1: Ball
1-1: Ball
2-1: Called Strike
2-2: Foul Ball, location: 2F
2-2: Ball
3-2: Foul Ball, location: 2F
3-2: Foul Ball, location: 2F
3-2: SINGLE (Groundball, 4D)
Batting: RHB Chris Parker 0-0: Ball
1-0: Foul Ball, location: 2F
1-1: Grounds into double play, 4-6-3 (Groundball, 4)
Batting: LHB José Rodríguez 0-0: Ball
1-0: Called Strike
1-1: Ball
2-1: Ground out 5-3 (Groundball, 56S)
Top of the 7th over - 0 run(s), 1 hit(s), 0 error(s), 0 left on base; Houston 0 - Vista 0
BOTTOM OF THE 7TH
Vista Panthers batting - Pitching for Houston Marshals : RHP Daniel Grant
Batting: LHB Francisco Marino 0-0: Called Strike
0-1: Ground out 2-3 (Groundball, 2L)
Batting: RHB Cisco Gatán 0-0: Called Strike
0-1: Called Strike
0-2: Foul Ball, location: 2F
0-2: Ball
1-2: Ball
2-2: Fly out, F9 (Line Drive, 9S)
Batting: LHB Ramiro Martínez 0-0: Ball
1-0: Foul Ball, location: 2F
1-1: Called Strike
1-2: Strikes out swinging, 2-3 out at first.
Bottom of the 7th over - 0 run(s), 0 hit(s), 0 error(s), 0 left on base; Houston 0 - Vista 0
TOP OF THE 8TH
Houston Marshals batting - Pitching for Vista Panthers : RHP Randy Mailman
Pitching: RHP Yajirobei Endo
Batting: SHB Álex Rosado 0-0: Ball
1-0: Ball
2-0: Fly out, F8 (Flyball, 8LS)
Batting: SHB Juan Gómez 0-0: Foul Ball, location: 2F
0-1: Ball
1-1: Ball
2-1: Called Strike
2-2: Ball
3-2: Strikes out looking
Batting: RHB Sadao Kimura 0-0: Called Strike
0-1: Swinging Strike
0-2: Strikes out swinging
Top of the 8th over - 0 run(s), 0 hit(s), 0 error(s), 0 left on base; Houston 0 - Vista 0
BOTTOM OF THE 8TH
Vista Panthers batting - Pitching for Houston Marshals : RHP Daniel Grant
Pitching: LHP Alfonso Ramos
Batting: RHB Justin Burgess 0-0: Swinging Strike
0-1: Swinging Strike
0-2: Ball
1-2: Strikes out looking
Pinch Hitting: RHB Mario Beltrán 0-0: DOUBLE (Flyball, 89D)
Batting: LHB Dante Owens 0-0: Called Strike
0-1: SINGLE (Line Drive, 4M)
Mario Beltrán to third
Batting: RHB Alfredo Rivera 0-0: Ball
1-0: Called Strike
1-1: Ball
2-1: Foul Ball, location: 2F
2-2: Strikes out looking
Batting: SHB Mark Wells 0-0: Ball
1-0: DOUBLE (Flyball, 89XD)
Mario Beltrán scores
Dante Owens to third
Runner from 3rd tries for Home, SAFE, no throw
Pitching: RHP Vinícius Itaquy
Batting: LHB Juan Cortés 0-0: Ball
1-0: Fly out, F8 (Flyball, 89S)
Bottom of the 8th over - 2 run(s), 3 hit(s), 0 error(s), 1 left on base; Houston 0 - Vista 2
TOP OF THE 9TH
Houston Marshals batting - Pitching for Vista Panthers : RHP Yajirobei Endo
Pitching: RHP David Simpson
Now at 2B: Salvador Salas
Now in LF: Phil Matthews
Batting: RHB Jim Tracy 0-0: Foul Ball, location: 2F
0-1: Foul Ball, location: 2F
0-2: Ball
1-2: Ball
2-2: Foul Ball, location: 2F
2-2: Reached on error, E6 (Groundball, 6)
Pinch Hitting: LHB Kent MacDulothe 0-0: Ball
1-0: Called Strike
1-1: Ball
2-1: Fly out, F9 (Flyball, 9LM)
Batting: LHB John Peterson 0-0: Called Strike
0-1: Foul Ball, location: 2F
0-2: Ball
1-2: Foul Ball, location: 2F
1-2: DOUBLE (Line Drive, 8RD)
Jim Tracy to third
Runner from 3rd tries for Home, SAFE, throw made home
Batting: SHB Ramón Lugo 0-0: Ball
1-0: Ball
2-0: Ground out 6-3 (Groundball, 6)
Batting: RHB Chris Parker 0-0: Ball
Wild Pitch!
John Peterson to third
1-0: Fly out, F8 (Flyball, 8LD)
Top of the 9th over - 1 run(s), 1 hit(s), 1 error(s), 1 left on base; Houston 1 - Vista 2
Tuesday, August 8th, 2017 - OOTP Baseball 17.12 Build 75